 Dungeon Crawl Stone Soup version 0.26-a0-597-gb535b0901c (webtiles) character file.

Game seed: 9015659830151301294

120545 Wotyn the Severer (level 16, -6/145 HPs)
             Began as a Minotaur Fighter on Aug 30, 2020.
             Was the Champion of Okawaru.
             Mangled by a slime creature (15 damage)
             ... on level 3 of the Pits of Slime on Sept 1, 2020.
             The game lasted 02:19:53 (28128 turns).

Wotyn the Severer (Minotaur Fighter)               Turns: 28128, Time: 02:19:53

Health: -6/145     AC: 21    Str: 23    XL:     16   Next: 0%
Magic:  10/15      EV: 25    Int:  6    God:    Okawaru [******]
Gold:   1697       SH:  0    Dex: 18    Spells: 15/15 levels left

rFire    + . .     SeeInvis +   S - +7 executioner's axe of Purpose {venom, Int+3}
rCold    + . .     Faith    +   (shield currently unavailable)
rNeg     + + .     Spirit   .   M - +0 swamp dragon scales
rPois    +         Reflect  .   X - -2 hat of the Alchemist {rElec rPois rF+ rC+ rN+ MR+ rMut rCorr}
rElec    +         Harm     .   u - +2 cloak
rCorr    +                      K - +2 pair of gloves {Dex+3}
rMut     +                      b - +1 pair of boots {rampage}
MR       +++..                  g - amulet of faith
Stlth    +++.......             w - ring of positive energy
HPRegen  0.34/turn              y - +4 ring of slaying
MPRegen  0.14/turn

@: heroism
A: retaliatory headbutt, horns 2, see invisible, dopey 1, magic resistance 1,
screaming 1
}: 1/15 runes: gossamer
a: Heroism, Finesse, Renounce Religion


You were on level 3 of the Pits of Slime.
You worshipped Okawaru.
Okawaru was exalted by your worship.
You visited 4 branches of the dungeon, and saw 23 of its levels.

You collected 1697 gold pieces.

Inventory:

Hand Weapons
 a - the +11 plutonium sword {*Contam Stlth-}
   (You found it on level 1 of the Spider Nest)

   It causes magical contamination when unequipped.
   It makes you less stealthy.
 o - a +6 hunting sling of freezing
 v - a +4 mace of protection
 A - a +2 great sword
 S - the +7 executioner's axe of Purpose (weapon) {venom, Int+3}
   (Okawaru gifted it to you on level 3 of the Lair of Beasts)

   It poisons the flesh of those it strikes.
   It affects your intelligence (+3).
 Y - a +2 dire flail of holy wrath
Missiles
 i - 38 poisoned darts (quivered)
 I - 142 sling bullets
Armour
 b - a +1 pair of boots of rampaging (worn)
 p - a +2 pair of boots
 u - a +2 cloak (worn)
 x - a +0 pair of gloves of archery
 F - a +2 kite shield of protection
 H - the cursed +1 leather armour of Darkness {rPois rN+ Regen+}
   (You found it on level 10 of the Dungeon)

   It protects you from poison.
   It protects you from negative energy.
   It increases your rate of regeneration.
   It has a curse placed upon it.
 K - a +2 pair of gloves of dexterity (worn)
 M - +0 swamp dragon scales (worn)
 T - the cursed +0 pair of gloves of the Dungeon {Dex+4}
   (You found it on level 3 of the Lair of Beasts)

   It affects your dexterity (+4).
   It has a curse placed upon it.
 V - a +2 scale mail of cold resistance
 X - the -2 hat of the Alchemist (worn) {rElec rPois rF+ rC+ rN+ MR+ rMut rCorr}
   (You found it on level 6 of the Lair of Beasts)

   It protects you from fire.
   It protects you from cold.
   It insulates you from electricity.
   It protects you from poison.
   It protects you from negative energy.
   It affects your resistance to hostile enchantments.
   It provides partial protection from all sources of acid and corrosion.
   It protects you from mutation.
Jewellery
 c - an uncursed ring of see invisible
 g - an amulet of faith (around neck)
 w - a ring of positive energy (left hand)
 y - a +4 ring of slaying (right hand)
 B - an uncursed ring of flight
 E - an uncursed ring of protection from cold
 G - an uncursed ring of fire
Wands
 e - a wand of enslavement (3)
 h - a wand of flame (6)
 q - a wand of iceblast (5)
 D - a wand of random effects (30)
 J - a wand of disintegration (7)
 L - a wand of digging (3)
Scrolls
 j - 10 scrolls of remove curse
 l - a scroll of fog
 m - 4 scrolls of teleportation
 r - 7 scrolls of identify
 s - 2 scrolls of magic mapping
 t - a scroll of enchant weapon
 z - 5 scrolls of amnesia
 C - 5 scrolls of fear
 R - a scroll of holy word
 Z - a scroll of silence
Potions
 d - 4 potions of mutation
 f - 3 potions of flight
 k - a potion of curing
 n - 5 potions of magic
 O - a potion of stabbing
 P - 3 potions of ambrosia


   Skills:
 * Level 13.8(18.8) Fighting
 * Level 18.7(24.8) Axes
 - Level 12.1(21.7) Maces & Flails
 - Level 0.5(5.5) Throwing
 * Level 13.7(18.7) Armour
 * Level 12.4(17.4) Dodging
 + Level 3.4(8.4) Stealth
 - Level 10.2(15.2) Shields
 + Level 0.5 Invocations
 + Level 1.3 Evocations


You had 15 spell levels left.
You didn't know any spells.
Your spell library contained the following spells:

 Spells                   Type           Power        Failure   Level
 Magic Dart               Conj           #...         54%         1
 Pain                     Necr           #...         54%         1
 Blink                    Tloc           N/A          69%         2
 Call Imp                 Summ           #.......     69%         2
 Slow                     Hex            #.......     69%         2
 Conjure Flame            Conj/Fire      #.......     89%         3
 Mephitic Cloud           Conj/Pois/Air  #.......     89%         3
 Stone Arrow              Conj/Erth      #.....       89%         3
 Dispel Undead            Necr           #.......     100%        4
 Ice Form                 Ice/Tmut       #.......     100%        4
 Agony                    Necr           #.......     100%        5
 Bolt of Magma            Conj/Fire/Erth #.........   100%        5
 Metabolic Englaciation   Hex/Ice        #.........   100%        5
 Freezing Cloud           Conj/Ice/Air   #.........   100%        6
 Ozocubu's Refrigeration  Ice            #.........   100%        6
 Simulacrum               Ice/Necr       #.........   100%        6


Dungeon Overview and Level Annotations

Branches:
Dungeon (10/15)            Temple (0/1) D:5            Lair (6/6) D:10
 Shoals (0/4) Lair:3       Spider (4/4) Lair:3        Slime (3/5) Lair:6
    Orc: D:9-12

Altars:
Cheibriados
Dithmenos
Hepliaklqana
Nemelex Xobeh
Okawaru
Qazlal
Vehumet
Xom
Beogh
Jiyva

Portals:
Abyss: Spider:2
Trove: D:10 (give +6 demon trident)

Annotations:
D:4 1 runed translucent door, donkeybrains's ghost, amateur HOMo
D:7 2 transporters, SatoMori's ghost, novice GnAK
D:8 1 runed translucent door, Sapher's ghost, novice DDDe
Lair:3 exclusion: oklob plant
Spider:2 2 transporters, p0werm0de's ghost, journeyman MiFi
Spider:4 Arachne


Innate Abilities, Weirdness & Mutations

You reflexively headbutt those who attack you in melee.
You have a pair of horns on your head.
You have supernaturally acute eyesight. (SInv)
You are dopey. (Int -2)
You are resistant to hostile enchantments. (MR+)
You occasionally shout uncontrollably at your foes.


Message History

The large slime creature barely misses you.
You furiously retaliate!
You headbutt the large slime creature. The slime creature hits you!
The azure jelly hits you. The azure jelly freezes you! You resist.
The azure jelly hits you but does no damage. x3
The slime creature completely misses you.
The large slime creature misses you. You furiously retaliate!
You headbutt the large slime creature.
The large slime creature barely misses you.
The slime creature hits you!
You gain the combat prowess of a mighty hero.
The azure jelly hits you. The azure jelly freezes you! You resist.
* * * LOW HITPOINT WARNING * * *
The azure jelly barely misses you. The azure jelly closely misses you.
The azure jelly hits you.
* * * LOW HITPOINT WARNING * * *
The large slime creature hits you!!
* * * LOW HITPOINT WARNING * * *
The slime creature hits you!
You die...

###.## ##....#
#.....###
####......##
##.#........##
#............#
##..<....#...##
#....JJJ....##
##....J@J....##
#....#JGJ.....###
#...........>...##
##....#..........##
##...##.#.......#.##
#........#.........##
##.#..#.............#
#..................##
#........<..#......#


You could see an azure jelly, 3 large slime creatures, 3 slime creatures and a
shining eye (very poisoned).

Vanquished Creatures
  Rupert (Lair:5)
  An acid blob (Slime:3)
  Kirke (Lair:5)
  An azure jelly (Slime:3)
  A ghost moth (Spider:2)
  5 emperor scorpions
  2 entropy weavers
  2 spark wasps (Spider:4)
  Harold (Lair:2)
  A hydra (Lair:6)
  13 spriggans (Lair:6)
  An unseen horror (D:10)
  An orc knight (D:9)
  Pikel (D:8)
  28 wolf spiders
  17 orb spiders
  5 elephants
  4 moths of wrath
  7 black mambas
  Joseph (D:8)
  Maggie (D:9)
  3 torpor snails
  Maurice (D:8)
  5 cane toads
  2 rime drakes
  8 komodo dragons
  11 demonic crawlers
  52 jumping spiders
  10 hornets
  2 polar bears (Lair:6)
  11 hippogriffs
  Prince Ribbit (D:9)
  21 blink frogs
  2 dream sheep (Lair:6)
  18 slime creatures (Slime:3)
  36 tarantellas
  56 redbacks
  3 wyverns
  5 hogs (Lair:5)
  7 basilisks
  26 yaks
  6 water moccasins
  3 porcupines
  6 black bears
  2 ice beasts
  3 orc warriors
  6 sky beasts
  2 phantoms
  34 wolves
  6 centaurs
  5 ogres
  4 boggarts (Lair:6)
  11 crocodiles
  2 lemures (D:8)
  2 big kobolds
  15 bullfrogs
  A water moccasin zombie (D:10)
  3 scorpions
  7 killer bees
  10 wights
  An electric eel (Spider:2)
  3 bullfrog zombies
  A quasit (D:8)
  5 hounds
  2 jellies
  4 orc priests
  2 bullfrog skeletons
  A centaur skeleton (D:8)
  An iron imp (D:5)
  Crazy Yiuf (D:3)
  Jessica (D:3)
  Natasha (thrice) (D:3)
  2 iguanas (D:4)
  6 orc wizards
  9 worker ants
  A killer bee zombie (D:10)
  16 adders
  11 gnolls
  3 shadow imps
  A white imp (D:8)
  4 ufetubi
  2 oozes
  2 adder skeletons
  8 worms
  A dart slug (D:2)
  4 leopard geckos
  36 orcs
  A ball python (D:2)
  7 bats
  8 giant cockroaches
  12 goblins
  6 hobgoblins
  9 jackals
  7 quokkas
  5 frilled lizards
  A jackal zombie (D:7)
  24 kobolds
  2 leopard gecko zombies
  6 rats
722 creatures vanquished.

Vanquished Creatures (others)
  A jumping spider (Spider:3)
  50 fungi
  41 plants
  4 toadstools (D:1)
96 creatures vanquished.

Grand Total: 818 creatures vanquished

Notes
Turn   | Place    | Note
-------+----------+-------------------------------------------
     0 | D:1      | Wotyn the Minotaur Fighter began the quest for the Orb.
     0 | D:1      | Reached XP level 1. HP: 19/19 MP: 0/0
   301 | D:1      | Reached XP level 2. HP: 27/27 MP: 1/1
   947 | D:2      | Reached skill level 1 in Dodging
   947 | D:2      | Reached XP level 3. HP: 20/33 MP: 2/2
  1121 | D:2      | Reached skill level 3 in Axes
  1227 | D:2      | Found a sparkling altar of Nemelex Xobeh.
  1408 | D:2      | Found a radiant altar of Vehumet.
  1538 | D:2      | Reached XP level 4. HP: 35/40 MP: 3/3
  1775 | D:2      | Found a faded altar of an unknown god.
  1951 | D:3      | Found a runed translucent door.
  1952 | D:3      | Noticed Crazy Yiuf
  1973 | D:3      | Killed Crazy Yiuf
  2247 | D:3      | Noticed a phantom
  2309 | D:3      | Killed a phantom
  2309 | D:3      | Reached skill level 5 in Armour
  2309 | D:3      | Reached XP level 5. HP: 31/46 MP: 4/4
  2439 | D:3      | Found an iron altar of Okawaru.
  2446 | D:3      | Noticed Natasha
  2453 | D:3      | Reached skill level 4 in Axes
  2459 | D:3      | Killed Natasha
  2466 | D:3      | Became a worshipper of Warmaster Okawaru
  2550 | D:3      | Noticed Jessica
  2559 | D:3      | Killed Jessica
  2559 | D:3      | Reached XP level 6. HP: 52/52 MP: 5/5
  2661 | D:3      | Reached skill level 1 in Maces & Flails
  3246 | D:4      | Reached XP level 7. HP: 59/60 MP: 6/6
  3276 | D:4      | Reached * piety under Okawaru
  3293 | D:4      | Reached skill level 5 in Shields
  3507 | D:4      | Found a runed translucent door.
  3511 | D:4      | Noticed donkeybrains's ghost (amateur HOMo)
  3797 | D:3      | Noticed Natasha
  3805 | D:3      | Killed Natasha
  3805 | D:3      | Reached skill level 5 in Fighting
  3940 | D:3      | Noticed Natasha
  3945 | D:3      | Killed Natasha
  3980 | D:5      | Entered Level 5 of the Dungeon
  4089 | D:5      | Reached ** piety under Okawaru
  4089 | D:5      | Reached skill level 5 in Maces & Flails
  4089 | D:5      | Reached XP level 8. HP: 68/68 MP: 7/7
  4355 | D:5      | Found a staircase to the Ecumenical Temple.
  4490 | D:5      | Found a snail-covered altar of Cheibriados.
  4557 | D:5      | Found a shadowy altar of Dithmenos.
  4836 | D:6      | Reached skill level 5 in Dodging
  4935 | D:6      | Gained mutation: You occasionally shout uncontrollably at
                  | your foes. [potion of mutation]
  4935 | D:6      | Gained mutation: You have supernaturally acute eyesight.
                  | (SInv) [potion of mutation]
  4935 | D:6      | Gained mutation: You are dopey. (Int -2) [potion of
                  | mutation]
  4935 | D:6      | Gained mutation: You are resistant to hostile enchantments.
                  | (MR+) [potion of mutation]
  4982 | D:6      | Reached XP level 9. HP: 60/75 MP: 8/8
  5761 | D:7      | Reached *** piety under Okawaru
  5761 | D:7      | Reached skill level 1 in Stealth
  6322 | D:7      | Found a transporter.
  6323 | D:7      | Noticed SatoMori's ghost (novice GnAK)
  6344 | D:7      | Found a stormy altar of Qazlal.
  6393 | D:7      | Found a transporter.
  6854 | D:8      | Noticed Maurice
  6875 | D:8      | Killed Maurice
  6875 | D:8      | Reached **** piety under Okawaru
  7085 | D:8      | Noticed Pikel
  7098 | D:8      | Killed Pikel
  7098 | D:8      | Reached XP level 10. HP: 84/84 MP: 9/9
  7294 | D:8      | Found a hazy altar of Hepliaklqana.
  7295 | D:8      | Found a shimmering altar of Xom.
  7361 | D:8      | Noticed Joseph
  7387 | D:8      | Killed Joseph
  7740 | D:8      | Found a shimmering altar of Xom.
  7740 | D:8      | Noticed Sapher's ghost (novice DDDe)
  7741 | D:8      | Found a runed translucent door.
  7741 | D:8      | Noticed a +0 flail of chaos
  7926 | D:9      | Found a snail-covered altar of Cheibriados.
  7946 | D:9      | Reached ***** piety under Okawaru
  8028 | D:9      | Noticed Prince Ribbit
  8065 | D:9      | Noticed Maggie
  8090 | D:9      | Killed Maggie
  8266 | D:9      | Found a snail-covered altar of Cheibriados.
  8284 | D:9      | Reached skill level 10 in Maces & Flails
  8555 | D:9      | Killed Prince Ribbit
  8674 | D:9      | Found a runed translucent door.
  8725 | D:9      | Noticed an orc knight
  8749 | D:9      | Killed an orc knight
  8775 | D:9      | Found a roughly hewn altar of Beogh.
  8946 | D:10     | Entered Level 10 of the Dungeon
  8976 | D:10     | Received a gift from Okawaru
  9178 | D:10     | Reached skill level 10 in Armour
  9203 | D:10     | Got a translucent leather armour
  9229 | D:10     | Identified the cursed +1 leather armour of Darkness {rPois
                  | rN+ Regen+} (You found it on level 10 of the Dungeon)
  9231 | D:10     | Noticed an unseen horror
  9251 | D:10     | Killed an unseen horror
  9251 | D:10     | Reached XP level 11. HP: 92/92 MP: 10/10
  9370 | D:10     | Reached skill level 1 in Evocations
  9420 | D:10     | Found a portal to a secret trove of treasure.
  9518 | D:10     | Found a staircase to the Lair.
  9811 | Lair:1   | Entered Level 1 of the Lair of Beasts
 10283 | Lair:1   | Identified Etoat's Incunabulum of Sinister Stones
 11135 | Lair:2   | Noticed Harold
 11163 | Lair:2   | Killed Harold
 11511 | Lair:2   | Reached skill level 10 in Shields
 12122 | Lair:3   | Received a gift from Okawaru
 12125 | Lair:3   | Got a jewelled executioner's axe {god gift}
 12126 | Lair:3   | Identified the +7 executioner's axe of Purpose {venom,
                  | Int+3} (Okawaru gifted it to you on level 3 of the Lair of
                  | Beasts)
 12413 | Lair:3   | Reached XP level 12. HP: 72/103 MP: 11/11
 12525 | Lair:3   | Found a hole to the Spider Nest.
 12537 | Lair:3   | Found a staircase to the Shoals.
 12539 | Lair:3   | Got a pair of faintly humming gloves
 12546 | Lair:3   | Identified the cursed +0 pair of gloves of the Dungeon
                  | {Dex+4} (You found it on level 3 of the Lair of Beasts)
 12721 | Lair:3   | Reached skill level 5 in Axes
 12881 | Lair:3   | Received a gift from Okawaru
 12881 | Lair:3   | Reached skill level 6 in Axes
 12891 | Lair:3   | Reached skill level 7 in Axes
 14641 | Lair:4   | Reached skill level 8 in Axes
 15013 | Lair:5   | You fall into a shaft and drop 1 floor!
 15013 | Lair:6   | Entered Level 6 of the Lair of Beasts
 15405 | Lair:5   | Reached skill level 9 in Axes
 15774 | Lair:5   | Noticed Rupert
 15778 | Lair:5   | Reached skill level 10 in Axes
 15786 | Lair:5   | Killed Rupert
 15786 | Lair:5   | Reached skill level 10 in Fighting
 16015 | Lair:5   | Reached XP level 13. HP: 103/113 MP: 12/12
 16090 | Lair:5   | Noticed Kirke
 16094 | Lair:5   | Reached skill level 10 in Dodging
 16108 | Lair:5   | Killed Kirke
 16108 | Lair:5   | Received a gift from Okawaru
 16108 | Lair:5   | Reached skill level 11 in Axes
 16122 | Lair:5   | Reached ****** piety under Okawaru
 16877 | Lair:6   | Reached skill level 12 in Axes
 17455 | Lair:6   | Reached skill level 13 in Axes
 17857 | Lair:6   | Found the -2 hat of the Alchemist {rElec rPois rF+ rC+ rN+
                  | MR+ rMut rCorr}
 18344 | Lair:6   | Found a staircase to the Slime Pits.
 18345 | Lair:6   | Found a viscous altar of Jiyva.
 18864 | Spider:1 | Entered Level 1 of the Spider Nest
 18876 | Spider:1 | Received a gift from Okawaru
 18890 | Spider:1 | Reached skill level 14 in Axes
 19143 | Spider:1 | Reached XP level 14. HP: 118/124 MP: 13/13
 19515 | Spider:1 | Received a gift from Okawaru
 19754 | Spider:1 | Reached skill level 15 in Axes
 19842 | Spider:1 | Found the +11 plutonium sword {*Contam Stlth-}
 20651 | Spider:1 | Received a gift from Okawaru
 20676 | Spider:2 | Noticed a ghost moth
 20869 | Spider:2 | Killed a ghost moth
 21208 | Spider:2 | Found a transporter.
 21232 | Spider:2 | Found a one-way gate to the infinite horrors of the Abyss.
 21232 | Spider:2 | Noticed p0werm0de's ghost (journeyman MiFi)
 21253 | Spider:2 | Found a transporter.
 21253 | Spider:2 | Noticed a green very ugly thing
 21934 | Spider:3 | Reached skill level 16 in Axes
 21938 | Spider:3 | Noticed an entropy weaver
 21998 | Spider:2 | Killed an entropy weaver
 22367 | Spider:3 | Noticed an emperor scorpion
 22774 | Spider:2 | Killed an emperor scorpion
 23072 | Spider:3 | Received a gift from Okawaru
 23313 | Spider:3 | Reached XP level 15. HP: 112/134 MP: 14/14
 23903 | Spider:4 | Entered Level 4 of the Spider Nest
 24805 | Spider:4 | Reached skill level 17 in Axes
 25059 | Spider:4 | Received a gift from Okawaru
 25182 | Spider:4 | Noticed Arachne
 25919 | Spider:4 | Noticed a ghost moth
 25944 | Spider:4 | Noticed a ghost moth
 26284 | Spider:4 | Reached skill level 18 in Axes
 26618 | Spider:4 | Received a gift from Okawaru
 27101 | Spider:4 | Got a gossamer rune of Zot
 27325 | Slime:1  | Entered Level 1 of the Pits of Slime
 27417 | Slime:3  | Noticed an azure jelly
 27429 | Slime:3  | Killed an azure jelly
 27431 | Slime:3  | Noticed an acid blob
 27440 | Slime:3  | Killed an acid blob
 27897 | Slime:2  | Noticed an azure jelly
 27904 | Slime:3  | Reached XP level 16. HP: 70/145 MP: 15/15
 28128 | Slime:3  | Mangled by a slime creature

Illustrated notes

Levels and vault maps discovered:
D:1:      ldierk_walled_garden_2, layout_loops_ring,
          chequers_serial_rivers_small_a, hangedman_decor_growths,
          minmay_misc_feat_rugged
D:2:      layout_basic, lemuel_crystal_altar, vehumet_crystals,
          chequers_ecumenical_altar_grove
D:3:      minmay_octagon_keep, layout_basic, lemuel_crystal_altar, uniq_jessica,
          uniq_natasha, uniq_crazy_yiuf_cottage
D:4:      layout_cave_pools, gammafunk_ghost_grave
D:5:      cheibrodos_thug_alley, layout_cave_pools,
          nicolae_dithmenos_shadow_blocks, minmay_temple_entry_overgrown,
          chei_slow_surprise
D:6:      layout_basic, dk_vineyard_1
D:7:      layout_loops_cross, nicolae_qazlal_style_of_elements,
          gammafunk_ghost_stat_death
D:8:      layout_cave_pools, regret_index_temple_of_mockery, ebering_ghost_xom,
          uniq_maurice, uniq_joseph, uniq_pikel
D:9:      layout_loops_cross, cheibriados_altar_1, basic_altar,
          lightli_church_of_beogh, uniq_prince_ribbit1, uniq_maggie
D:10:     layout_irregular_city, lair_entry_dummy, enter_trove_0
Lair:1:   layout_regular_city, nicolae_lair_grove_arrangements,
          serial_bayou_shore_a
Lair:2:   layout_cave_pods, st_stairs_4, grunt_megastairs_4, uniq_harold
Lair:3:   layout_chaotic_city, elwin_shoals_entry_rocks, spider_nest_entry_webs,
          grunt_forest_stairs_basic, minmay_lair_oklob_chamber
Lair:4:   layout_cave_pods, lemuel_fruit_tree
Lair:5:   layout_regular_city, nicolae_volcano_entry_hallway, minivault_23,
          uniq_kirke, uniq_rupert
Lair:6:   minmay_lair_end_enchanted_forest, layout_long_grid, slime_altar_1,
          ldierk_geyser, kennysheep_basilisk_garden
Spider:1: layout_spider_delve
Spider:2: layout_spider_delve, gammafunk_ghost_abyssal_escape
Spider:3: layout_spider_delve, nicolae_spider_cling_halls
Spider:4: johnstein_spider_rune_arachne_lair
Slime:1:  layout_caves
Slime:2:  layout_caves
Slime:3:  layout_caves, cheibrodos_slime_lost_civilization_7

Skill      XL: |  1  2  3  4  5  6  7  8  9 10 11 12 13 14 15 |
---------------+----------------------------------------------+-----
Armour         | 4 5 6 7 9 10 11 12 13 | 13.7
Dodging        | 1 2 3 4 5 6 7 9 10 11 12 | 12.4
Shields        | 4 5 6 7 8 10 | 10.2
Axes           | 3 4 10 14 16 18 | 18.7
Fighting       | 4 5 6 7 8 10 11 12 13 | 13.8
Maces & Flails | 2 5 7 9 10 12 | 12.1
Stealth        | 1 2 3 |  3.4
Evocations     | 1 |  1.3
Throwing       | |  0.5
Invocations    | |  0.5

Action                   |  1- 3 |  4- 6 |  7- 9 | 10-12 | 13-15 | 16-18 || total
-------------------------+-------+-------+-------+-------+-------+-------++-------
Melee: War axe           |   119 |    30 |       |       |       |       ||   149
       Headbutt          |    15 |    20 |    88 |   151 |   190 |     1 ||   465
       Mace              |       |    96 |   364 |   525 |     8 |       ||   993
       Executioner's axe |       |       |       |   141 |   733 |     1 ||   875
Throw: Dart              |    11 |    54 |    42 |    41 |     6 |       ||   154
Invok: Heroism           |       |       |       |       |     7 |     1 ||     8
Evoke: Wand              |       |       |       |    17 |     9 |       ||    26
  Use: Scroll            |     3 |     7 |    10 |    13 |    14 |       ||    47
       Potion            |     1 |     1 |    11 |     4 |    13 |       ||    30
 Stab: Sleeping          |       |       |     5 |     5 |       |       ||    10
       Distracted        |       |       |       |       |     1 |       ||     1
       Invisible         |       |       |       |       |     5 |       ||     5
Armor: Scale mail        |    42 |    56 |   145 |    25 |       |       ||   268
       Swamp dragon scal |       |       |       |   209 |   578 |     7 ||   794
Dodge: Dodged            |    33 |    39 |   115 |   442 |  1153 |    12 ||  1794
Block: Kite shield       |    62 |    60 |   193 |   322 |       |       ||   637

Table legend: (Time is in decaauts)
 A = Elapsed time spent in this place.
 B = Non-inter-level travel time spent in this place.
 C = Inter-level travel time spent in this place.
 D = Time resting spent in this place.
 E = Time spent auto-exploring this place.
 F = Levels seen in this place.
 G = Mean time per level.
                   A        B        C        D        E       F      G
               +--------+--------+--------+--------+--------+-----+--------+
         Total |  28391 |  28106 |    285 |   6579 |  15312 |  23 | 1234.4 |
       Dungeon |   9874 |   9874 |      0 |    687 |   6425 |  10 |  987.4 |
          Lair |   9447 |   9262 |    185 |   1275 |   6330 |   6 | 1574.5 |
   Spider Nest |   8263 |   8165 |     98 |   4040 |   2424 |   4 | 2065.8 |
    Slime Pits |    806 |    806 |      0 |    576 |    131 |   3 |  268.7 |
               +--------+--------+--------+--------+--------+-----+--------+

Top non-repeatable levels by time:
Spider:1: 2549 daAuts
  Lair:6: 2517 daAuts
  Lair:3: 2193 daAuts
Spider:3: 2191 daAuts
Spider:4: 2110 daAuts
  Lair:2: 1440 daAuts
Spider:2: 1411 daAuts
  Lair:5: 1407 daAuts
     D:3: 1332 daAuts
     D:7: 1100 daAuts
  Lair:4: 1083 daAuts
     D:8: 1062 daAuts
     D:9: 1045 daAuts
     D:2: 1034 daAuts
     D:6: 942 daAuts
